 Dungeon Crawl Stone Soup version 0.31.0-11-ge490571c62 (webtiles) character file.

Game seed: 11600786612223095585

7665 qw the Nimble (level 10, -15/49 HPs)
             Began as a Spriggan Hunter on Feb 4, 2024.
             Was an Elder of Okawaru.
             Demolished by a blink frog (16 damage)
             ... on level 1 of the Lair of Beasts.
             The game lasted 00:04:42 (8027 turns).

qw the Nimble (Spriggan Hunter)                     Turns: 8027, Time: 00:04:43

Health: -15/49     AC:  7    Str:  7    XL:     10   Next: 99%
Magic:  15/15      EV: 34    Int: 12    God:    Okawaru [****..]
Gold:   714        SH:  0    Dex: 28    Spells: 9/9 levels left

rFire   . . .        j - +2 arbalest
rCold   . . .        (shield currently unavailable)
rNeg    . . .        n - +2 steam dragon scales
rPois   .            (helmet restricted)
rElec   .            (no cloak)
rCorr   +            (gloves unavailable)
SInv    +            (boots unavailable)
Will    +....        (no amulet)
Stlth   +++          l - +6 ring of dexterity
HPRegen 0.28/turn    i - ring of resist corrosion
MPRegen 0.14/turn

%: no passive effects
@: about to teleport, very quick
A: very small, no large weapons, unfitting armour, see invisible, speed 3
a: Renounce Religion, Heroism, Finesse


You were on level 1 of the Lair of Beasts.
You worshipped Okawaru.
Okawaru was greatly pleased with you.
You visited 3 branches of the dungeon, and saw 10 of its levels.

You collected 772 gold pieces.
You spent 58 gold pieces at shops.


Innate Abilities, Weirdness & Mutations

You are very small and have problems with some larger weapons.
You are too small for most types of armour.
You have supernaturally acute eyesight. (SInv)
You cover ground extremely quickly. (Speed+++)


   Skills:
 - Level 4.1 Fighting
 + Level 11.4 Ranged Weapons
 - Level 2.1 Armour
 - Level 13.7 Dodging
 - Level 1.5 Stealth
 + Level 5.7 Invocations


You had 9 spell levels left.
You didn't know any spells.
Your spell library was empty.

Inventory:

Hand Weapons
 j - a +2 arbalest (weapon)
Armour
 n - +2 steam dragon scales (worn)
Jewellery
 a - a ring of ice
 i - a ring of resist corrosion (right hand)
 l - a +6 ring of dexterity (left hand)
Wands
 f - a wand of roots (3)
Scrolls
 g - 5 scrolls of teleportation
Potions
 b - a potion of mutation
 c - a potion of might {unknown}
 e - 6 potions of curing
 h - a potion of haste
 k - a potion of magic {unknown}
 m - a potion of heal wounds {unknown}

Dungeon Overview and Level Annotations

Branches:
Dungeon (8/15)             Temple (1/1) D:6            Lair (1/5) D:8

Altars:
Ashenzari
Gozag
Hepliaklqana
Kikubaaqudgha
Makhleb
Okawaru
Qazlal
Ru
Sif Muna
Trog
Vehumet
Wu Jian
Yredelemnul

Shops:
D:2 (

Annotations:
D:6 exclusion: gnoll
D:7 1 runed translucent door, Crazy Yiuf


Message History

Enter note:
Enter note:
Enter note:
Enter note:
Enter note:
Enter note:
Enter note:
8023 ||| RETREEEEATING.
The blink frog blinks!
Enter note:
Enter note:
Enter note:
Enter note:
Enter note:
Enter note:
Enter note:
Enter note:
Enter note:
Enter note:
Enter note:
Enter note:
Enter note:
Enter note:
Enter note:
Enter note:
Enter note:
Enter note:
8024 ||| RETREEEEATING.
You shoot a bolt.
The bolt closely misses the blink frog. x2
The blink frog hits you. The blink frog completely misses you.
The blink frog hits you!
The blink frog blinks!
The blink frog misses you.
8026 ||| READING 6 scrolls of teleportation.
As you read the scroll of teleportation, it crumbles to dust.
You feel strangely unstable.
The blink frog completely misses you. x2
You shoot a bolt. The bolt misses the blink frog.
The bolt closely misses the blink frog.
The blink frog completely misses you.
The blink frog blinks!
The blink frog hits you!
You die...

#P#.##.###...........>...........
######## #...####..####..........
# #...# ##.# #....##'##.+ # #####
##...#####.####....#.PP..
#...###....P##....# #...'......
#...'..'...###....###...##.....
########...# #F...P##...##.....
#....# #F#.####...##.#### ####
####...###@#.P# #...####.##
##..###.#.....##ยค#.####..........
.................................
.P######..####.######.#########.#
### #### ### ### ###


You could see 2 blink frogs.

Vanquished Creatures
  A boulder beetle (Lair:1)
  A two-headed ogre (D:8)
  2 black mambas (Lair:1)
  Maggie (D:7)
  3 cane toads (Lair:1)
  A komodo dragon (Lair:1)
  A hornet (D:8)
  2 blink frogs (Lair:1)
  7 yaks (Lair:1)
  2 basilisks (Lair:1)
  3 water moccasins
  An ice beast (D:6)
  2 sky beasts
  2 black bears
  3 ogres (D:6)
  A phantom (D:4)
  2 kobold brigands
  Blork the orc (D:4)
  7 bullfrogs
  A howler monkey (D:8)
  2 jellies
  A bombardier beetle (D:2)
  A gnoll bouda (D:4)
  4 hounds
  A sleepcap (D:5)
  Natasha (thrice) (D:3)
  5 iguanas
  2 orc wizards
  11 gnolls
  8 adders
  3 white imps
  3 dart slugs
  3 ribbon worms
  9 orcs
  7 endoplasms
  4 giant cockroaches
  7 goblins
  6 hobgoblins
  10 jackals
  20 kobolds
  3 quokkas
  8 ball pythons
  4 bats
  3 frilled lizards
  4 rats (D:1)
176 creatures vanquished.

Notes
Turn   | Place    | Note
-------+----------+-------------------------------------------
     0 | D:1      | qw the Spriggan Hunter began the quest for the Orb.
     0 | D:1      | Reached XP level 1. HP: 10/10 MP: 2/2
     0 | D:1      | 0 ||| qw: Version: 0.3-a-160-g6735b56
     0 | D:1      | 0 ||| qw: Game counter: 6030
     0 | D:1      | 0 ||| qw: Melee chars always use a shield: true
     0 | D:1      | 0 ||| qw: God list: Okawaru
     0 | D:1      | 0 ||| qw: Allow faded altars: false
     0 | D:1      | 0 ||| qw: Do Orc after clearing Dungeon:15 true
     0 | D:1      | 0 ||| qw: Do second Lair branch before Depths: true
     0 | D:1      | 0 ||| qw: Lair rune preference: random
     0 | D:1      | 0 ||| qw: Goals: Normal
     0 | D:1      | 0 ||| PLANNING D:1-11
    59 | D:1      | Reached skill level 3 in Dodging
   170 | D:1      | Reached XP level 2. HP: 14/14 MP: 3/3
   327 | D:1      | Reached skill level 4 in Dodging
   767 | D:1      | 767 ||| READING scroll labelled NIZUMMEZXU.
   767 | D:1      | 767 ||| ENCHANTING +0 shortbow.
   768 | D:1      | 768 ||| READING scroll labelled QYLUIS FAWEGHE.
   769 | D:1      | 769 ||| DRINKING 5 smoky white potions.
   770 | D:1      | 770 ||| DROPPING scroll of butterflies.
   784 | D:2      | Reached XP level 3. HP: 18/18 MP: 4/4
   796 | D:2      | Reached XP level 4. HP: 22/22 MP: 5/5
   814 | D:2      | 814 ||| FLEEEEING.
   815 | D:2      | 815 ||| FLEEEEING.
   816 | D:2      | 816 ||| FLEEEEING.
   817 | D:2      | 817 ||| FLEEEEING.
   818 | D:2      | 818 ||| FLEEEEING.
   819 | D:2      | 819 ||| STAIRDANCE
   993 | D:2      | Reached skill level 5 in Dodging
  1223 | D:2      | Found a faded altar of an unknown god.
  1307 | D:2      | Found Korphuni's Weapon Shoppe.
  1337 | D:2      | 1337 ||| BUYING +0 arbalest (58 gold).
  1337 | D:2      | Bought a +0 arbalest for 58 gold pieces
  1337 | D:2      | 1337 ||| SWAPPING to +0 arbalest.
  1338 | D:2      | 1338 ||| DROPPING +1 shortbow.
  1386 | D:2      | 1386 ||| DROPPING amulet of magic regeneration.
  1387 | D:2      | 1387 ||| READING scroll labelled ELOORYA DAEL.
  1388 | D:2      | 1388 ||| READING scroll labelled AQUAGI QAZUWOQ.
  1390 | D:2      | 1390 ||| Stepping ~*~*~tactically~*~*~ (cloud).
  1512 | D:3      | Noticed Natasha
  1514 | D:3      | 1514 ||| FLEEEEING.
  1515 | D:3      | 1515 ||| FLEEEEING.
  1516 | D:3      | 1516 ||| FLEEEEING.
  1517 | D:3      | 1517 ||| FLEEEEING.
  1519 | D:3      | 1519 ||| FLEEEEING.
  1520 | D:3      | 1520 ||| FLEEEEING.
  1521 | D:3      | 1521 ||| FLEEEEING.
  1522 | D:3      | 1522 ||| STAIRDANCE
  1539 | D:3      | 1539 ||| STAIRDANCE
  1552 | D:2      | HP: 4/23 [poisoned by an adder]
  1652 | D:3      | HP: 5/23 [Natasha (2)]
  1654 | D:3      | Killed Natasha
  1655 | D:3      | Reached XP level 5. HP: 5/26 MP: 6/6
  1751 | D:3      | 1751 ||| READING scroll of enchant weapon.
  1751 | D:3      | 1751 ||| ENCHANTING +0 arbalest.
  1867 | D:3      | Found a bloodstained altar of Trog.
  1918 | D:3      | Noticed Natasha
  1920 | D:3      | 1920 ||| FLEEEEING.
  1921 | D:3      | 1921 ||| FLEEEEING.
  1922 | D:3      | 1922 ||| FLEEEEING.
  1923 | D:3      | 1923 ||| FLEEEEING.
  1924 | D:3      | 1924 ||| FLEEEEING.
  1925 | D:3      | 1925 ||| FLEEEEING.
  1926 | D:3      | 1926 ||| FLEEEEING.
  1928 | D:3      | 1928 ||| FLEEEEING.
  1930 | D:3      | 1930 ||| FLEEEEING.
  1931 | D:3      | 1931 ||| FLEEEEING.
  1932 | D:3      | 1932 ||| FLEEEEING.
  1935 | D:3      | 1935 ||| FLEEEEING.
  1939 | D:3      | Killed Natasha
  1981 | D:3      | Found a burning altar of Makhleb.
  2153 | D:3      | Noticed Natasha
  2161 | D:3      | Killed Natasha
  2162 | D:3      | Reached skill level 6 in Ranged Weapons
  2226 | D:3      | 2226 ||| READING scroll labelled POTZYE BUL ZUX.
  2226 | D:3      | 2226 ||| IDENTIFYING fizzy ruby potion
  2237 | D:4      | Found a shimmering blue altar of Sif Muna.
  2477 | D:4      | Noticed a phantom
  2483 | D:4      | Killed a phantom
  2484 | D:4      | Reached skill level 6 in Dodging
  2484 | D:4      | Reached XP level 6. HP: 29/30 MP: 7/7
  2536 | D:4      | Noticed Blork the orc
  2540 | D:4      | HP: 5/30 [Blork the orc/+0 halberd (18)]
  2545 | D:4      | Killed Blork the orc
  2545 | D:4      | HP: 3/30 [dart slug/slug dart (2)]
  3174 | D:4      | 3174 ||| READING scroll of identify.
  3174 | D:4      | 3174 ||| IDENTIFYING brown potion
  3175 | D:4      | 3175 ||| READING scroll labelled QEUCLO GOSTREWY.
  3276 | D:4      | 3276 ||| READING scroll labelled ZINOAN ANYECASM.
  3281 | D:4      | 3281 ||| DROPPING potion of lignification.
  3287 | D:5      | Entered Level 5 of the Dungeon
  3288 | D:5      | 3288 ||| STAIRDANCE
  3293 | D:5      | 3293 ||| STAIRDANCE
  3299 | D:4      | Reached XP level 7. HP: 22/35 MP: 8/8
  3350 | D:5      | HP: 4/35 [gnoll/+0 halberd[a gnoll bouda] (9)]
  3351 | D:5      | 3351 ||| STAIRDANCE
  3486 | D:5      | 3486 ||| STAIRDANCE
  3721 | D:5      | Reached skill level 7 in Dodging
  4309 | D:5      | 4309 ||| UPGRADING to +6 ring of dexterity.
  4310 | D:5      | 4310 ||| READING scroll of identify.
  4310 | D:5      | 4310 ||| IDENTIFYING lumpy coppery potion
  4311 | D:5      | 4311 ||| DRINKING 2 glowing brown potions.
  4312 | D:5      | 4312 ||| DROPPING potion of attraction.
  4313 | D:5      | 4313 ||| DROPPING potion of degeneration.
  4388 | D:6      | Found a staircase to the Ecumenical Temple.
  4389 | D:6      | 4389 ||| PLANNING TEMPLE
  4389 | D:6      | 4389 ||| READING scroll labelled SAPAESOIFY.
  4389 | D:6      | 4389 ||| ENCHANTING +0 robe.
  4400 | Temple   | Entered the Ecumenical Temple
  4401 | Temple   | 4401 ||| PLANNING OKAWARU WORSHIP
  4409 | Temple   | Became a worshipper of Warmaster Okawaru
  4410 | Temple   | 4410 ||| PLANNING D:1-11
  4549 | D:6      | Reached skill level 8 in Dodging
  4707 | D:6      | Found a hazy altar of Hepliaklqana.
  5096 | D:6      | Found a sacrificial altar of Ru.
  5101 | D:6      | 5101 ||| READING scroll of enchant weapon.
  5101 | D:6      | 5101 ||| ENCHANTING +1 arbalest.
  5134 | D:6      | Reached XP level 8. HP: 39/39 MP: 9/9
  5239 | D:6      | Found a stormy altar of Qazlal.
  5262 | D:6      | 5262 ||| FLEEEEING.
  5268 | D:6      | 5268 ||| FLEEEEING.
  5361 | D:6      | Found a radiant altar of Vehumet.
  5365 | D:6      | 5365 ||| RETREEEEATING.
  5370 | D:6      | Reached skill level 9 in Dodging
  5370 | D:6      | 5370 ||| READING scroll of identify.
  5370 | D:6      | 5370 ||| IDENTIFYING yellow potion
  5371 | D:6      | 5371 ||| READING scroll labelled TATYIB NULER.
  5372 | D:6      | 5372 ||| READING scroll labelled IZEUDE WIUMN.
  5374 | D:6      | 5374 ||| FLEEEEING.
  5375 | D:6      | 5375 ||| FLEEEEING.
  5376 | D:6      | 5376 ||| FLEEEEING.
  5481 | D:6      | 5481 ||| READING scroll labelled VOROAL ISHREUR.
  5482 | D:6      | 5482 ||| READING scroll labelled DEYHERIUSUI.
  5571 | D:7      | Reached skill level 3 in Fighting
  5615 | D:7      | Found a runed translucent door.
  5617 | D:7      | Identified the +9 hammer of the Pharaoh's Fist {pain, rF+
                  | Int+3}
  5625 | D:7      | Identified the +7 hammer of the Wilderness {heavy, rC+
                  | Int+4 Dex+3}
  5639 | D:7      | Identified the +5 hammer "Jellyslayer" {venom, *Rage rN+
                  | Int+4 Dex+4}
  5646 | D:7      | Noticed Crazy Yiuf
  6026 | D:7      | Reached * piety under Okawaru
  6051 | D:7      | Reached skill level 1 in Invocations
  6339 | D:7      | Reached skill level 9 in Ranged Weapons
  6418 | D:7      | Noticed Maggie
  6419 | D:7      | 6419 ||| INVOKING Heroism.
  6427 | D:7      | Killed Maggie
  6428 | D:7      | Reached skill level 3 in Invocations
  6428 | D:7      | Reached XP level 9. HP: 44/44 MP: 9/12
  6478 | D:7      | 6478 ||| UPGRADING to +0 steam dragon scales.
  6488 | D:7      | 6488 ||| DROPPING +1 robe.
  6489 | D:7      | 6489 ||| READING 2 scrolls of enchant armour.
  6489 | D:7      | 6489 ||| ENCHANTING +0 steam dragon scales.
  6490 | D:7      | 6490 ||| READING scroll of enchant armour.
  6490 | D:7      | 6490 ||| ENCHANTING +1 steam dragon scales.
  6491 | D:7      | 6491 ||| UPGRADING to ring of resist corrosion.
  6492 | D:7      | 6492 ||| DROPPING wand of flame (12).
  6618 | D:8      | Reached skill level 10 in Dodging
  6620 | D:8      | Noticed a two-headed ogre
  6621 | D:8      | 6621 ||| INVOKING Heroism.
  6627 | D:8      | Killed a two-headed ogre
  6627 | D:8      | Reached ** piety under Okawaru
  6675 | D:8      | Reached skill level 11 in Dodging
  6695 | D:8      | Found a staircase to the Lair.
  6984 | D:8      | 6984 ||| PLANNING LAIR
  6984 | D:8      | 6984 ||| DRINKING 2 silvery potions.
  6985 | D:8      | 6985 ||| DRINKING 7 potions of curing.
  6985 | D:8      | 6985 ||| (to cure confusion)
  6986 | D:8      | 6986 ||| DROPPING potion of ambrosia.
  7036 | Lair:1   | Entered Level 1 of the Lair of Beasts
  7054 | Lair:1   | Noticed a komodo dragon
  7055 | Lair:1   | 7055 ||| INVOKING Heroism.
  7059 | Lair:1   | Killed a komodo dragon
  7093 | Lair:1   | 7093 ||| RETREEEEATING.
  7094 | Lair:1   | 7094 ||| RETREEEEATING.
  7102 | Lair:1   | 7102 ||| INVOKING Heroism.
  7108 | Lair:1   | Reached *** piety under Okawaru
  7113 | Lair:1   | Reached XP level 10. HP: 19/49 MP: 12/14
  7115 | Lair:1   | Reached skill level 12 in Dodging
  7238 | Lair:1   | Noticed a cane toad
  7239 | Lair:1   | 7239 ||| INVOKING Heroism.
  7250 | Lair:1   | Killed a cane toad
  7336 | Lair:1   | Noticed a black mamba
  7337 | Lair:1   | 7337 ||| INVOKING Heroism.
  7342 | Lair:1   | Killed a black mamba
  7440 | Lair:1   | 7440 ||| RETREEEEATING.
  7442 | Lair:1   | 7442 ||| RETREEEEATING.
  7443 | Lair:1   | 7443 ||| RETREEEEATING.
  7444 | Lair:1   | 7444 ||| RETREEEEATING.
  7445 | Lair:1   | 7445 ||| RETREEEEATING.
  7446 | Lair:1   | 7446 ||| RETREEEEATING.
  7494 | Lair:1   | Noticed a black mamba
  7495 | Lair:1   | 7495 ||| INVOKING Heroism.
  7502 | Lair:1   | Killed a black mamba
  7502 | Lair:1   | Reached **** piety under Okawaru
  7661 | Lair:1   | Noticed a boulder beetle
  7662 | Lair:1   | 7662 ||| INVOKING Finesse.
  7682 | Lair:1   | Killed a boulder beetle
  7683 | Lair:1   | Reached skill level 13 in Dodging
  7773 | Lair:1   | Noticed a cane toad
  7774 | Lair:1   | 7774 ||| INVOKING Finesse.
  7780 | Lair:1   | Killed a cane toad
  7781 | Lair:1   | Noticed a cane toad
  7788 | Lair:1   | Killed a cane toad
  7993 | Lair:1   | 7993 ||| RETREEEEATING.
  7994 | Lair:1   | 7994 ||| RETREEEEATING.
  7995 | Lair:1   | 7995 ||| RETREEEEATING.
  7996 | Lair:1   | 7996 ||| RETREEEEATING.
  7997 | Lair:1   | 7997 ||| RETREEEEATING.
  7998 | Lair:1   | 7998 ||| RETREEEEATING.
  8000 | Lair:1   | 8000 ||| RETREEEEATING.
  8015 | Lair:1   | 8015 ||| RETREEEEATING.
  8016 | Lair:1   | 8016 ||| RETREEEEATING.
  8020 | Lair:1   | 8020 ||| RETREEEEATING.
  8023 | Lair:1   | 8023 ||| RETREEEEATING.
  8024 | Lair:1   | 8024 ||| RETREEEEATING.
  8025 | Lair:1   | HP: 1/49 [blink frog (14)]
  8026 | Lair:1   | 8026 ||| READING 6 scrolls of teleportation.
  8027 | Lair:1   | Demolished by a blink frog

Levels and vault maps discovered:
D:1:      minmay_arrival_four_houses, layout_loops_corners
D:2:      layout_rooms, ebering_ecumenical_altar_sacrificial, serial_shops,
          nicolae_shop_advertising_works [nicolae_subvault_shop_adworks]
D:3:      layout_basic, bloody_trog, lemuel_coloured_pillars_altar, uniq_natasha
D:4:      layout_loops_ring, amcnicky_altar_gilded, hangedman_decor_slide_cut,
          nicolae_concentric_dashed_squares_mild, corexii_shack,
          corexii_mini_fake_secret_closet, uniq_blork_the_orc
D:5:      layout_gridville, chequers_mini_garden
D:6:      layout_basic, mainiacjoe_overflow_chevrons, marbit_many_paths,
          mainiacjoe_overflow_large_starburst, nicolae_qazlal_eye_of_the_storm,
          minmay_temple_entry_junction_2
D:7:      layout_loops_corners, uniq_crazy_yiuf_cottage, uniq_maggie
D:8:      layout_cave_pools
Temple:   hellmonk_temple_two_chambers
Lair:1:   layout_regular_city, infiniplex_staircase_pool_2

Skill      XL: |  1  2  3  4  5  6  7  8  9 10 |
---------------+-------------------------------+-----
Dodging        | 3 4 5 6 8 9 11 13 | 13.7
Ranged Weapons | 5 6 7 8 9 10 11 | 11.4
Fighting       | 2 3 4 |  4.1
Invocations    | 3 4 5 |  5.7
Armour         | 2 |  2.1
Stealth        | |  1.5

Action                     |  1- 3 |  4- 6 |  7- 9 | 10-12 || total
---------------------------+-------+-------+-------+-------++-------
   Fire: Shortbow          |    66 |    71 |       |       ||   137
         Arbalest          |       |   110 |   201 |   121 ||   432
 Invoke: Heroism           |       |       |     4 |     3 ||     7
         Finesse           |       |       |       |     2 ||     2
    Use: Scroll            |     2 |     7 |    10 |     1 ||    20
         Potion            |     1 |       |     3 |       ||     4
 Armour: Robe              |     4 |    41 |    21 |       ||    66
         Steam dragon scal |       |       |    19 |    16 ||    35
  Dodge: Dodged            |    15 |   102 |   119 |    96 ||   332

Table legend:
 A = Non-vault XP
 B = Vault XP
 C = Vault XP percentage of total XP
 D = Non-vault monster count
 E = Vault monster count
 F = Vault count percentage of total count
                 A         B        C        D         E       F
            +---------+---------+-------+---------+---------+-------
      Total |   10281 |     669 |   6.1 |     171 |       5 |   2.8
            +---------+---------+-------+---------+---------+-------
        D:1 |      34 |       0 |   0.0 |      21 |       0 |   0.0
        D:2 |     157 |       0 |   0.0 |      29 |       0 |   0.0
        D:3 |      91 |      37 |  28.9 |      11 |       1 |   8.3
        D:4 |     353 |      98 |  21.7 |      21 |       2 |   8.7
        D:5 |     191 |       0 |   0.0 |      13 |       0 |   0.0
        D:6 |     793 |     116 |  12.8 |      19 |       1 |   5.0
        D:7 |     558 |     418 |  42.8 |      14 |       1 |   6.7
        D:8 |    1809 |       0 |   0.0 |      20 |       0 |   0.0
     Lair:1 |    6295 |       0 |   0.0 |      23 |       0 |   0.0
            +---------+---------+-------+---------+---------+-------
